 Dungeon Crawl Stone Soup version 0.26-a0-712-ga5a9c9c9d0 (webtiles) character file.

Game seed: 9401840309141217329

3869 Azzok the Cleaver (level 10, 79/79 HPs)
             Began as a Demonspawn Berserker on Nov 8, 2020.
             Was an Elder of Trog.
             Quit the game on level 8 of the Dungeon on Nov 9, 2020.
             The game lasted 00:10:51 (8284 turns).

Azzok the Cleaver (Demonspawn Berserker)            Turns: 8284, Time: 00:10:52

Health: 79/79      AC: 16    Str: 21    XL:     10   Next: 0%
Magic:  3/3        EV:  8    Int:  9    God:    Trog [****..]
Gold:   277        SH:  8    Dex: 18    Spells: 9/9 levels left

rFire    . . .     SeeInvis .   I - +5 war axe (antimagic)
rCold    + . .     Faith    .   D - +0 kite shield
rNeg     . . .     Spirit   .   C - +0 chain mail
rPois    .         Reflect  .   (helmet restricted)
rElec    .         Harm     .   E - +0 cloak
rCorr    .         Rampage  .   F - +0 pair of gloves
MR       .....                  (no boots)
Stlth    ..........             o - amulet of regeneration
HPRegen  0.63/turn              f - +4 ring of protection
MPRegen  0.08/turn              w - +6 ring of dexterity

@: no status effects
A: antennae 2, cold resistance 1, demonic guardian 1, sanguine armour 1
a: Berserk, Trog's Hand, Brothers in Arms, Renounce Religion


You were on level 8 of the Dungeon.
You worshipped Trog.
Trog was greatly pleased with you.
You visited 1 branch of the dungeon, and saw 8 of its levels.
You also visited: Ossuary.

You collected 277 gold pieces.

Inventory:

Hand Weapons
 l - a +2 dagger of venom
 I - a +5 antimagic war axe (weapon)
Missiles
 H - 38 stones (quivered)
Armour
 C - a +0 chain mail (worn)
 D - a +0 kite shield (worn)
 E - a +0 cloak (worn)
 F - a +0 pair of gloves (worn)
Jewellery
 f - a +4 ring of protection (left hand)
 o - an amulet of regeneration (around neck)
 w - a +6 ring of dexterity (right hand)
Wands
 b - a wand of flame (18)
 s - a wand of digging (4)
 B - a wand of enslavement (10)
Scrolls
 a - 5 scrolls of teleportation {unknown}
 d - a scroll of enchant armour {unknown}
 e - 7 scrolls of remove curse {unknown}
 g - 2 scrolls of magic mapping {unknown}
 h - 9 scrolls of identify {unknown}
 i - a scroll of fear {unknown}
 k - a scroll of amnesia {unknown}
 p - a scroll of fog {unknown}
 q - 3 scrolls of blinking {unknown}
 t - 2 scrolls of random uselessness {unknown}
 y - 4 scrolls of enchant weapon {unknown}
Potions
 c - 5 potions of flight {unknown}
 j - 5 potions of might {unknown}
 m - 3 potions of degeneration {unknown}
 n - 2 potions of resistance {unknown}
 r - 2 potions of berserk rage {unknown}
 u - 3 potions of heal wounds {unknown}
 v - 10 potions of curing {unknown}
 x - 2 potions of invisibility {unknown}
 z - a potion of brilliance {unknown}
 A - 3 potions of stabbing {unknown}
 G - a potion of mutation {unknown}


   Skills:
 + Level 7.1 Fighting
 * Level 8.9 Axes
 + Level 6.1 Armour
 + Level 6.1 Dodging


You had 9 spell levels left.
You didn't know any spells.
Your spell library was empty.

Dungeon Overview and Level Annotations

Branches:
Dungeon (8/15)             Temple (0/1) D:4         Ossuary (visited)
   Lair: D:8-11

Altars:
Ashenzari
Elyvilon
Gozag
Kikubaaqudgha
Ru
Trog
Uskayaw
Wu Jian

Shops:
D:5 [

Annotations:
D:8 2 transporters, Azzok's ghost, novice DsFi


Innate Abilities, Weirdness & Mutations

You have a pair of antennae on your head.
Your flesh is cold resistant. (rC+)
A weak demonic guardian rushes to your aid.
When seriously injured, your bleeding wounds create armour. (AC +0)


Message History

You slash the orc wizard!
You kill the orc wizard!
Trog accepts your kill.
Trog appreciates your killing of a magic user.
You block the orc's attack.
You barely miss the orc. You block the orc's attack.
You hit the orc but do no damage. The orc closely misses you.
You slash the orc!
You kill the orc!
Trog accepts your kill.
You slash the orc!
You kill the orc!
Trog accepts your kill.
You slash the orc!
You kill the orc!
Trog accepts your kill.
You have reached level 10!
Your demonic ancestry asserts itself...
You feel the presence of a demonic guardian.
Are you sure you want to abandon this character and quit the game? (Confirm with "yes".)

▒·≈≈▒g▒·▒·▒▒▒·©·▒▒
▒·≈≈▒ggg▒▒▒W▒▒▒▒▒©
▒·≈≈▒▒▒·g··g· ···
▒·≈≈·8▒·▒▒▒▒▒▒╬▒▒
▒·≈≈·▒▒·▒
▒·≈≈·▒g·╬
▒·≈≈·▒▒·▒ ▒·≈≈·8▒
▒ ▒@≈≈▒▒▒
▒[≈≈▒···▒
▒·≈≈▒·▒·▒ ▒·≈≈▒▒▒
▒ ··≈≈≈≈≈ ··≈≈≈≈≈≈
·········
▒·········


You could see 2 gnoll sergeants.

Vanquished Creatures
  The ghost of graki42 the Thaumaturge, a novice DECj of Vehumet (D:7)
  A hornet (D:7)
  Menkaure (D:5)
  Duvessa (D:5)
  An ice beast (D:8)
  A sky beast (D:8)
  A phantom (D:7)
  2 ogres
  8 centaurs
  An elf zombie (Ossuary)
  Blork the orc (D:5)
  Dowan (D:5)
  A water moccasin zombie (D:6)
  3 scorpions
  5 wights (D:7)
  3 killer bees (D:7)
  3 jellies
  2 howler monkeys
  Crazy Yiuf (D:7)
  A centaur zombie (D:6)
  2 human zombies (Ossuary)
  3 orc priests (D:8)
  A hound (D:4)
  2 centaur skeletons (D:4)
  4 iguanas
  3 orc wizards
  3 worker ants
  A hound zombie (D:5)
  3 hound skeletons
  2 mummies (Ossuary)
  A howler monkey zombie (D:8)
  2 worker ant zombies
  12 adders
  2 shadow imps
  2 white imps
  An ufetubus (D:6)
  An ooze (D:1)
  2 adder zombies (Ossuary)
  3 worms
  5 dart slugs
  3 leopard geckos
  20 orcs
  A giant cockroach (D:2)
  6 goblins
  5 hobgoblins
  11 jackals
  6 quokkas
  A ball python (D:6)
  8 bats
  7 frilled lizards
  2 goblin zombies (Ossuary)
  15 hobgoblin zombies (Ossuary)
  6 kobolds
  9 kobold zombies (Ossuary)
  A leopard gecko skeleton (D:8)
  5 orc zombies (Ossuary)
  A quokka skeleton (D:2)
  6 rats
  A rat zombie (Ossuary)
208 creatures vanquished.

Vanquished Creatures (others)
  A plant (D:8)
1 creature vanquished.

Grand Total: 209 creatures vanquished

Notes
Turn   | Place    | Note
-------+----------+-------------------------------------------
     0 | D:1      | Azzok the Demonspawn Berserker began the quest for the Orb.
     0 | D:1      | Reached XP level 1. HP: 18/18 MP: 1/1
   366 | D:1      | Gained mutation: When seriously injured, your bleeding
                  | wounds create armour. (AC +0) [demonic ancestry]
   366 | D:1      | Reached XP level 2. HP: 24/24 MP: 2/2
   488 | D:1      | Reached skill level 3 in Axes
  1119 | D:1      | Gained mutation: You have a pair of small antennae on your
                  | head. [demonic ancestry]
  1119 | D:1      | Reached XP level 3. HP: 29/29 MP: 3/3
  1651 | D:2      | Reached ** piety under Trog
  2214 | D:2      | Reached XP level 4. HP: 34/35 MP: 4/4
  2347 | D:2      | Found a bloodstained altar of Trog.
  2961 | D:3      | Noticed a +0 dagger
  2962 | D:3      | Noticed a -3 hand axe
  2965 | D:3      | Found a hide-covered altar of Uskayaw.
  3256 | D:3      | Reached XP level 5. HP: 38/42 MP: 5/5
  3639 | D:4      | Noticed a centaur
  3650 | D:4      | Killed a centaur
  3650 | D:4      | Reached skill level 4 in Axes
  3901 | D:4      | Found a sacrificial altar of Ru.
  3926 | D:4      | Gained mutation: You have a pair of antennae on your head.
                  | [demonic ancestry]
  3926 | D:4      | Reached XP level 6. HP: 33/48 MP: 6/6
  4533 | D:4      | Found a staircase to the Ecumenical Temple.
  4567 | D:4      | Reached *** piety under Trog
  4877 | D:5      | Entered Level 5 of the Dungeon
  4899 | D:5      | Noticed Duvessa
  4899 | D:5      | Noticed Dowan
  4914 | D:5      | Killed Duvessa
  4914 | D:5      | Reached skill level 5 in Axes
  4914 | D:5      | Reached XP level 7. HP: 30/55 MP: 7/7
  4924 | D:5      | Killed Dowan
  5128 | D:5      | Noticed Menkaure
  5133 | D:5      | Killed Menkaure
  5339 | D:5      | Found Acobloq's Antique Armour Shoppe.
  5613 | D:5      | Noticed Blork the orc
  5624 | D:5      | Killed Blork the orc
  5624 | D:5      | Reached skill level 5 in Fighting
  5811 | D:6      | Reached skill level 6 in Axes
  5811 | D:6      | Gained mutation: Your flesh is cold resistant. (rC+)
                  | [demonic ancestry]
  5811 | D:6      | Reached XP level 8. HP: 51/62 MP: 8/8
  6379 | D:6      | Found a sand-covered staircase.
  6407 | Ossuary  | Entered an ossuary
  6433 | Ossuary  | Reached **** piety under Trog
  6741 | D:6      | Reached ***** piety under Trog
  6980 | D:7      | Found a runed translucent door.
  6981 | D:7      | Noticed Crazy Yiuf
  6986 | D:7      | Killed Crazy Yiuf
  7058 | D:7      | Reached skill level 7 in Axes
  7178 | D:7      | Noticed a hornet
  7190 | D:7      | Killed a hornet
  7190 | D:7      | Reached skill level 5 in Armour
  7190 | D:7      | Reached skill level 5 in Dodging
  7190 | D:7      | Reached XP level 9. HP: 49/69 MP: 9/9
  7361 | D:7      | Received a gift from Trog
  7693 | D:7      | Reached skill level 8 in Axes
  7729 | D:7      | Found a runed translucent gate.
  7729 | D:7      | Found a runed translucent gate.
  7731 | D:7      | Found a runed translucent gate.
  7731 | D:7      | Noticed graki42's ghost (novice DECj)
  8029 | D:7      | Killed graki42's ghost
  8150 | D:8      | Identified the ring "Katoas" {rF- rC- rN++ Int+2 Stlth+}
  8190 | D:8      | Found an ornate altar of the Wu Jian Council.
  8196 | D:8      | Found an opulent altar of Gozag.
  8197 | D:8      | Found an ancient bone altar of Kikubaaqudgha.
  8197 | D:8      | Found a white marble altar of Elyvilon.
  8197 | D:8      | Found a broken altar of Ashenzari.
  8242 | D:8      | Found a transporter.
  8242 | D:8      | Noticed Azzok's ghost (novice DsFi)
  8248 | D:8      | Found a transporter.
  8283 | D:8      | Gained mutation: A weak demonic guardian rushes to your
                  | aid. [demonic ancestry]
  8283 | D:8      | Reached XP level 10. HP: 78/79 MP: 3/10
  8284 | D:8      | Quit the game

Illustrated notes

Levels and vault maps discovered:
D:1:      lightli_arrival_noodles, layout_basic
D:2:      layout_loops_ring, lemuel_doored_altar, nrook_mini_vaults,
          minmay_3d_cube
D:3:      layout_loops_ring, dancing_weapons_uskayaw
D:4:      layout_loops_ring, hangedman_ru_absence,
          minmay_temple_entry_drinking_statues
D:5:      layout_rooms, serial_shops, nicolae_shop_overgrown_old_shop,
          due_unseen_surprise, uniq_duvessa, uniq_menkaure, uniq_blork_the_orc
D:6:      layout_loops_ring, nicolae_ossuary_entry_false_entrances,
          nrook_mini_backslash
D:7:      layout_cave_pods, gammafunk_ghost_split,
          hangedman_abyss_or_decor_stagger, uniq_crazy_yiuf_cottage
D:8:      layout_cave_pools, tgw_sif, minitemple, gammafunk_ghost_gnarly_gnolls,
          minmay_guarded_unrand_finisher

Skill      XL: |  1  2  3  4  5  6  7  8  9 |
---------------+----------------------------+-----
Armour         | 2 3 4 5 6 |  6.1
Dodging        | 2 3 4 5 6 |  6.1
Axes           | 3 4 5 6 7 8 |  8.9
Fighting       | 4 5 6 7 |  7.1

Action                   |  1- 3 |  4- 6 |  7- 9 | 10-12 || total
-------------------------+-------+-------+-------+-------++-------
Melee: Hand axe          |   129 |    15 |       |       ||   144
       Dagger            |       |   151 |   169 |       ||   320
       War axe           |       |       |   304 |       ||   304
Invok: Berserk           |     1 |       |     4 |       ||     5
       Trog's Hand       |       |       |     1 |       ||     1
 Stab: Sleeping          |     1 |       |       |       ||     1
Armor: Animal skin       |     3 |       |       |       ||     3
       Leather armour    |    33 |     6 |       |       ||    39
       Ring mail         |       |    61 |    15 |       ||    76
       Chain mail        |       |       |   230 |       ||   230
Dodge: Dodged            |    94 |   101 |   189 |       ||   384
Block: Kite shield       |       |       |    97 |       ||    97

Table legend: (Time is in decaauts)
 A = Elapsed time spent in this place.
 B = Non-inter-level travel time spent in this place.
 C = Inter-level travel time spent in this place.
 D = Time resting spent in this place.
 E = Time spent auto-exploring this place.
 F = Levels seen in this place.
 G = Mean time per level.
                   A        B        C        D        E       F      G
               +--------+--------+--------+--------+--------+-----+--------+
         Total |   8414 |   8077 |    337 |    647 |   5738 |   9 |  934.9 |
       Dungeon |   8116 |   7779 |    337 |    647 |   5670 |   8 | 1014.5 |
       Ossuary |    297 |    297 |      0 |      0 |     68 |   1 |  297.0 |
               +--------+--------+--------+--------+--------+-----+--------+

Top non-repeatable levels by time:
     D:4: 1356 daAuts
     D:2: 1343 daAuts
     D:1: 1266 daAuts
     D:7: 1243 daAuts
     D:3: 937 daAuts
     D:6: 885 daAuts
     D:5: 882 daAuts
 Ossuary: 297 daAuts
     D:8: 200 daAuts
